 Dungeon Crawl Stone Soup version 0.32-a0-909-gc671339a80 (webtiles) character file.

Game seed: 12868436381612598188

3040 Demosthentine the Trooper (level 9, -6/72 HPs)
             Began as a Demonspawn Gladiator on Apr 6, 2024.
             Was an Initiate of Hepliaklqana.
             Killed by nerve-wracking pain
             ... invoked by EvilEddieB's ghost
              (11 damage)
             ... on level 6 of the Dungeon.
             The game lasted 00:10:31 (6234 turns).

Demosthentine the Trooper (Demonspawn Gladiator)    Turns: 6234, Time: 00:10:32

Health: -6/72      AC: 14    Str: 18    XL:     9   Next: 56%
Magic:  9/9        EV: 14    Int:  8    God:    Hepliaklqana [......]
Gold:   278        SH:  0    Dex: 16    Spells: 8/8 levels left

rFire   + . .        a - +2 trident (drain)
rCold   + . .        (no shield)
rNeg    . . .        q - +2 leather armour {rC+}
rPois   .            c - +1 helmet
rElec   .            (no cloak)
rCorr   .            (no gloves)
SInv    .            (no boots)
Will    .....        (no amulet)
Stlth   +            j - ring of protection from fire
HPRegen 0.32/turn    (no ring)
MPRegen 0.11/turn

%: no passive effects
@: mighty, sanguine armoured
A: foul stench 2, sanguine armour 1, demonic magic 1, weakness stinger 2
a: Renounce Religion


You were on level 6 of the Dungeon.
You worshipped Hepliaklqana.
Hepliaklqana was noncommittal.
You visited 2 branches of the dungeon, and saw 7 of its levels.
You also visited: Sewer.

You collected 375 gold pieces.
You spent 97 gold pieces at shops.

Inventory:

Hand Weapons
 a - a +2 trident of draining (weapon)
Missiles
 d - a throwing net (quivered)
 e - a javelin
Armour
 c - a +1 helmet (worn)
 q - a +2 leather armour of cold resistance (worn)
Jewellery
 j - a ring of protection from fire (left hand)
Wands
 l - a wand of charming (19)
 y - a wand of digging (6)
Scrolls
 h - a scroll of enchant armour
 i - a scroll of butterflies
 n - 4 scrolls of teleportation
 w - 2 scrolls of blinking
Potions
 f - a potion of brilliance
 g - 3 potions of cancellation {unknown}
 k - 3 potions of curing {unknown}
 p - 2 potions of mutation {unknown}
 s - a potion of invisibility
 u - a potion of might
 v - 2 potions of enlightenment


   Skills:
 + Level 7.0 Fighting
 + Level 6.7 Polearms
 - Level 1.7 Throwing
 + Level 6.0 Armour
 + Level 6.7 Dodging


You had 8 spell levels left.
You didn't know any spells.
Your spell library contained the following spells:

 Spells                   Type           Power      Damage    Failure   Level
 Call Imp                 Summ           0%         N/A       58%         2
 Sublimation of Blood     Necr           0%         N/A       58%         2
 Frozen Ramparts          Ice            0%         1d1       83%         3
 Inner Flame              Hex/Fire       0%         N/A       83%         3
 Ozocubu's Armour         Ice            0%         N/A       83%         3
 Flame Wave               Conj/Fire      0%         2d4       99%         4
 Sticky Flame             Fire/Alch      0%         2d4       99%         4
 Metabolic Englaciation   Hex/Ice        0%         N/A       100%        5
 Summon Hydra             Summ           0%         N/A       100%        7


Dungeon Overview and Level Annotations

Branches:
Dungeon (6/15)             Temple (1/1) D:6           Sewer (visited)

Altars:
Ashenzari
Dithmenos
Hepliaklqana
Makhleb
Nemelex Xobeh
Qazlal
Ru
Uskayaw
Vehumet
Wu Jian
Xom

Shops:
D:3 :   D:4 ?   D:5 :

Annotations:
D:6 EvilEddieB's ghost, novice DsNe


Innate Abilities, Weirdness & Mutations

You sometimes emit foul miasma when damaged in melee.
When seriously injured, your blood forms armour. (AC +6)
Spells you cast may paralyse adjacent enemies.
You have a tail ending in a sharp stinger.


Message History

Justen's ghost is moderately damaged.
Justen's ghost hits you.
* * * LOW HITPOINT WARNING * * *
You hit justen's ghost.
Justen's ghost is heavily damaged.
Justen's ghost barely misses you.
You puncture justen's ghost!
Justen's ghost is severely damaged.
Justen's ghost hits you.
* * * LOW HITPOINT WARNING * * *
You closely miss justen's ghost.
Justen's ghost is severely damaged.
Justen's ghost closely misses you.
You puncture justen's ghost!
Justen's ghost is almost destroyed.
Justen's ghost closely misses you.
You closely miss justen's ghost.
Your tail-slap misses justen's ghost.
Justen's ghost is almost destroyed.
Justen's ghost misses you.
You puncture justen's ghost!
You destroy justen's ghost!
Your Fighting skill increases to level 7!
Your Armour skill increases to level 6!
Okay, then.
Press: ? - help, v - describe, . - travel
Here: EvilEddieB's ghost The floor.
Unknown command.
Unknown command.
Unknown command.
Unknown command.
You closely miss EvilEddieB's ghost.
Your tail-slap misses EvilEddieB's ghost.
EvilEddieB's ghost casts a spell at you.
You struggle to resist.
You closely miss EvilEddieB's ghost.
EvilEddieB's ghost gestures at you while chanting.
Pain shoots through your body!
You die...
Hepliaklqana delivers you to your ancestors.

#..............#..# #..##
#..............#..# #.##
#..............#..# ###
<..######........##
.###$(ß.#........#
.##ß....#...WW...#
##$.....#....###.#
#*♣.....'....###W#
#*⌠.....'...####@##
#*♣.....'..######.#
##......#..######.# ####
.##ß....#..######.# ##..#
..##.[ß$#########.# ##...#
..###############.###....#
...## #..##....# ....#
##÷##....# ....# #.##....#


You could see EvilEddieB's ghost.

Vanquished Creatures
  The ghost of KennySheep the Chopper, a novice FoCK of Xom (D:6)
  The ghost of Heh the Carver, a novice CoGl of Gozag (D:6)
  Jeremiah (D:6)
  Prince Ribbit (D:5)
  Eustachio (D:6)
  A water moccasin (D:5)
  Edmund (D:6)
  The ghost of justen the Chopper, an amateur MiMo (D:6)
  A crocodile (Sewer)
  A black bear (D:6)
  3 ogres
  A sky beast (D:6)
  2 kobold brigands (Sewer)
  2 phantoms (D:4)
  Blork the orc (D:5)
  A scorpion (D:5)
  A howler monkey (D:6)
  A hound (D:4)
  A bombardier beetle (D:3)
  A jelly (D:6)
  2 iguanas
  A sleepcap (D:5)
  11 adders
  3 river rats
  2 ufetubi (D:5)
  A dart slug (D:4)
  2 ribbon worms
  4 orcs (D:6)
  18 endoplasms
  2 giant cockroaches (D:4)
  5 goblins
  6 hobgoblins
  7 jackals
  6 quokkas
  10 ball pythons
  3 bats
  5 frilled lizards
  8 kobolds
  12 rats
132 creatures vanquished.

Notes
Turn   | Place    | Note
-------+----------+-------------------------------------------
     0 | D:1      | Demosthentine the Demonspawn Gladiator began the quest for
                  | the Orb.
     0 | D:1      | Reached XP level 1. HP: 16/16 MP: 1/1
     1 | D:1      | Found a runed translucent door.
   284 | D:1      | Gained mutation: You may rarely emit foul miasma when
                  | damaged in melee. [demonic ancestry]
   284 | D:1      | Reached XP level 2. HP: 22/22 MP: 2/2
   818 | D:1      | Reached skill level 1 in Armour
   818 | D:1      | Gained mutation: When seriously injured, your blood forms
                  | armour. (AC +6) [demonic ancestry]
   818 | D:1      | Reached XP level 3. HP: 26/28 MP: 3/3
  1011 | D:2      | Gained mutation: You sometimes emit foul miasma when
                  | damaged in melee. [demonic ancestry]
  1011 | D:2      | Reached XP level 4. HP: 17/34 MP: 4/4
  1420 | D:2      | Found a faded altar of an unknown god.
  1644 | D:3      | Found Zosiq's Book Shop.
  1770 | D:3      | Reached skill level 3 in Fighting
  1770 | D:3      | Reached XP level 5. HP: 34/41 MP: 5/5
  2229 | D:4      | Found a glowing drain.
  2269 | Sewer    | Entered a sewer
  2378 | Sewer    | Gained mutation: Spells you cast may paralyse adjacent
                  | enemies. [demonic ancestry]
  2378 | Sewer    | Reached XP level 6. HP: 31/47 MP: 6/6
  2784 | Sewer    | Reached skill level 4 in Fighting
  2910 | D:4      | Gained mutation: You have a small tail. [demonic ancestry]
  2910 | D:4      | Reached XP level 7. HP: 36/54 MP: 7/7
  3112 | D:4      | Found Xeatov's Magic Scroll Boutique.
  3135 | D:4      | Bought a scroll of blinking for 97 gold pieces
  3594 | D:5      | Entered Level 5 of the Dungeon
  3660 | D:5      | Found Gazierho's Tiny Tomes.
  3680 | D:5      | Noticed Prince Ribbit
  3717 | D:5      | Killed Prince Ribbit
  3718 | D:5      | Reached skill level 5 in Fighting
  3718 | D:5      | Reached skill level 5 in Polearms
  3718 | D:5      | Reached skill level 5 in Dodging
  3718 | D:5      | Gained mutation: You have a tail ending in a sharp stinger.
                  | [demonic ancestry]
  3718 | D:5      | Reached XP level 8. HP: 19/62 MP: 8/8
  3939 | D:5      | Noticed Blork the orc
  3951 | D:5      | Killed Blork the orc
  3990 | D:5      | Found a shadowy altar of Dithmenos.
  4571 | D:6      | Found a staircase to the Ecumenical Temple.
  4581 | Temple   | Entered the Ecumenical Temple
  4586 | Temple   | Became a worshipper of Hepliaklqana the Forgotten
  4634 | D:6      | Noticed Eustachio
  4652 | D:6      | Killed Eustachio
  4949 | D:6      | Reached skill level 5 in Armour
  5016 | D:6      | Noticed Edmund
  5039 | D:6      | Killed Edmund
  5040 | D:6      | Reached skill level 6 in Fighting
  5287 | D:6      | Found a runed translucent gate.
  5287 | D:6      | Found a runed translucent gate.
  5287 | D:6      | Found a runed translucent gate.
  5289 | D:6      | Noticed EvilEddieB's ghost (novice DsNe)
  5289 | D:6      | Noticed KennySheep's ghost (novice FoCK)
  5290 | D:6      | Noticed justen's ghost (amateur MiMo)
  5290 | D:6      | Noticed Heh's ghost (novice CoGl)
  5459 | D:6      | Noticed Jeremiah
  5655 | D:6      | Found a sacrificial altar of Ru.
  5791 | D:6      | Found a burning altar of Makhleb.
  5792 | D:6      | Noticed an angel
  5792 | D:6      | Noticed a green death
  5812 | D:6      | Killed Jeremiah
  5813 | D:6      | Reached XP level 9. HP: 4/61 MP: 9/9
  6216 | D:6      | Killed Heh's ghost
  6224 | D:6      | Killed KennySheep's ghost
  6232 | D:6      | Killed justen's ghost
  6233 | D:6      | Reached skill level 7 in Fighting
  6234 | D:6      | Killed from afar by EvilEddieB's ghost

Illustrated notes

Levels and vault maps discovered:
D:1:      dpeg_arrival_caged_fury, layout_loops_ring
D:2:      minmay_spotlight, layout_rooms, shapermc_ecumenical_altar_ellora,
          minmay_nonomino_d4
D:3:      layout_basic, serial_shops, shop
D:4:      layout_cave_pools, serial_shops, nicolae_shop_statue_plus,
          portal_sewer_entry_c, nicolae_houndstooth_variations
D:5:      layout_basic, minitemple, chequers_arboretum,
          nicolae_shop_i_like_small_books_too, uniq_blork_the_orc,
          uniq_prince_ribbit1
D:6:      layout_cave_pods, grunt_temple_overflow_order_and_chaos_2,
          nicolae_ru_path_of_blood, minmay_temple_entry_statues_fountains,
          gammafunk_ghost_cemetery, uniq_edmund, uniq_eustachio, uniq_jeremiah
Temple:   nicolae_temple_ecumenical_triangle

Skill      XL: |  1  2  3  4  5  6  7  8  9 |
---------------+----------------------------+-----
Dodging        | 3 4 5 6 |  6.7
Polearms       | 3 4 5 6 |  6.7
Armour         | 1 2 3 4 5 6 |  6.0
Fighting       | 3 4 5 6 7 |  7.0
Throwing       | |  1.7

Action                     |  1- 3 |  4- 6 |  7- 9 || total
---------------------------+-------+-------+-------++-------
  Melee: Trident           |   139 |   215 |   261 ||   615
         Tailslap          |       |       |    36 ||    36
  Throw: Throwing net      |       |       |     3 ||     3
    Use: Scroll            |     1 |     7 |    11 ||    19
         Potion            |       |     1 |     3 ||     4
   Stab: Sleeping          |     3 |     5 |       ||     8
         Held in net/web   |       |       |     2 ||     2
 Armour: Leather armour    |    74 |   114 |   129 ||   317
  Dodge: Dodged            |    64 |    98 |   122 ||   284

Table legend: (Time is in decaauts)
 A = Elapsed time spent in this place.
 B = Non-inter-level travel time spent in this place.
 C = Inter-level travel time spent in this place.
 D = Time resting spent in this place.
 E = Time spent auto-exploring this place.
 F = Levels seen in this place.
 G = Mean time per level.
                   A        B        C        D        E       F      G
               +--------+--------+--------+--------+--------+-----+--------+
         Total |   6373 |   6313 |     60 |    221 |   4573 |   8 |  796.6 |
       Dungeon |   5751 |   5691 |     60 |    221 |   4247 |   6 |  958.5 |
        Temple |     10 |     10 |      0 |      0 |      0 |   1 |   10.0 |
         Sewer |    610 |    610 |      0 |      0 |    325 |   1 |  610.0 |
               +--------+--------+--------+--------+--------+-----+--------+

Top non-repeatable levels by time:
     D:6: 1587 daAuts
     D:5: 1051 daAuts
     D:4: 924 daAuts
     D:1: 883 daAuts
     D:2: 748 daAuts
   Sewer: 610 daAuts
     D:3: 556 daAuts
  Temple: 10 daAuts
